 Dungeon Crawl Stone Soup version 0.22-a0-455-ga0624bf62c (webtiles) character file.

65 Ordine the Magician (level 3, -1/19 HPs)
             Began as a Deep Elf Wizard on June 5, 2018.
             Slain by a gnoll
             ... wielding a +0 halberd
              (12 damage)
             ... on level 2 of the Dungeon.
             The game lasted 00:03:02 (1152 turns).

Ordine the Magician (Deep Elf Wizard)               Turns: 1152, Time: 00:03:03

Health: -1/19      AC:  2    Str:  4    XL:     3   Next: 94%
Magic:  1/11       EV: 13    Int: 23    God:
Gold:   10         SH:  0    Dex: 13    Spells: 2/11 levels left

rFire    . . .     SeeInvis .   a - +0 dagger (venom)
rCold    . . .     Gourm    .   (no shield)
rNeg     . . .     Faith    .   e - +0 robe
rPois    .         Spirit   .   b - +0 hat
rElec    .         Reflect  .   (no cloak)
rCorr    .         Harm     .   (no gloves)
MR       .....                  (no boots)
Stlth    ++........             (no amulet)
HPRegen  0.06/turn              (no ring)
MPRegen  0.12/turn              (no ring)

@: no status effects
A: no striking features
a: no special abilities


You were on level 2 of the Dungeon.
You were not hungry.

You visited 1 branch of the dungeon, and saw 2 of its levels.

You collected 10 gold pieces.

Inventory:

Hand Weapons
 a - a +0 dagger of venom (weapon)
 g - a +1 dagger of draining
Armour
 b - a +0 hat (worn)
 e - a +0 robe (worn)
Scrolls
 c - a scroll of remove curse {unknown}
 f - 2 scrolls of teleportation {unknown}
Potions
 h - 3 potions of curing {unknown}
Comestibles
 d - 3 rations
 i - a chunk of flesh


   Skills:
 - Level 3.0 Dodging
 - Level 3.0 Stealth
 + Level 4.9 Spellcasting
 * Level 2.5 Conjurations
   Level 1.1 Summonings
 + Level 1.6 Translocations
 + Level 0.5 Fire Magic
 + Level 0.5 Air Magic


You had 2 spell levels left.
You knew the following spells:

 Your Spells              Type           Power        Failure   Level  Hunger
a - Magic Dart            Conj           ###.         3%          1    None
b - Blink                 Tloc           N/A          8%          2    None
c - Conjure Flame         Conj/Fire      ##......     16%         3    ##.....
d - Mephitic Cloud        Conj/Pois/Air  ##......     19%         3    ##.....

Your spell library contained the following spells:

 Spells                   Type           Power        Failure   Level  Hunger
 Slow                     Hex            #.......     14%         2    None
 Call Imp                 Summ           ##......     9%          2    None


Dungeon Overview and Level Annotations

Branches:
Dungeon (2/15)

Altars:


Message History

Casting: Magic Dart (safe; 3% risk of failure)
Confirm with . or Enter, or press ? or * to list all spells.
Aiming: Magic Dart (safe; 3% risk of failure)
Press: ? - help, Shift-Dir - straight line, f/p - gnoll
Aim: a gnoll, wielding a halberd (moderately wounded)
The magic dart hits the gnoll.
The gnoll is severely wounded.
Casting: Magic Dart (safe; 3% risk of failure)
Confirm with . or Enter, or press ? or * to list all spells.
You don't have enough magic to cast that spell.
Unknown command.
The gnoll misses you.
You hit the gnoll but do no damage.
The gnoll is poisoned.
The gnoll is severely wounded.
The gnoll hits you with a halberd!
You barely miss the gnoll.
The gnoll is severely wounded.
The gnoll hits you from afar with a halberd!
Ouch! That really hurt!
You die...

##...#.#..#)#.#####
....>..#..#.# #
#........#.#
#.....<..#.#
#[.......#.# #
..........#.#.#
##...#....#g#.#
.....#........#
..........#@### ...
.#..###.# ### #..#
#.# .. ... # #).
...# ##.# .#


You could see a gnoll.

Vanquished Creatures
  3 gnolls
  2 oozes (D:1)
  A leopard gecko (D:1)
  3 giant cockroaches (D:1)
  4 goblins (D:1)
  5 hobgoblins
  2 bats (D:1)
  A frilled lizard (D:1)
  2 kobolds (D:1)
  4 rats (D:1)
27 creatures vanquished.

Notes
Turn   | Place    | Note
-------+----------+-------------------------------------------
     0 | D:1      | Ordine the Deep Elf Wizard began the quest for the Orb.
     0 | D:1      | Reached XP level 1. HP: 10/10 MP: 7/7
   314 | D:1      | Reached XP level 2. HP: 15/15 MP: 7/9
   326 | D:1      | Learned a level 2 spell: Blink
   686 | D:1      | Reached XP level 3. HP: 19/19 MP: 7/11
   691 | D:1      | Learned a level 3 spell: Conjure Flame
   695 | D:1      | Learned a level 3 spell: Mephitic Cloud
  1152 | D:2      | Slain by a gnoll

Vault maps used:
D:1:      matt_arrival_refuge
D:2:      kiku_gazebo_garden_becter, gammafunk_temple_overflow_forgotten,
          first_ration, uniq_jessica, uniq_terence, uniq_crazy_yiuf_cottage

Skill      XL: |  1  2  3 |
---------------+----------+-----
Conjurations   | 2 |  2.5
Stealth        | 3 |  3.0
Dodging        | 3 |  3.0
Spellcasting   | |  4.9
Summonings     | |  1.1
Translocations | |  1.6
Fire Magic     | |  0.5
Air Magic      | |  0.5

Action                   || total
-------------------------++-------
Melee: Dagger            ||    13
 Cast: Magic Dart        ||    71
  Eat: Chunk             ||     1
Armor: Robe              ||     1
Dodge: Dodged            ||    14

Table legend:
 A = Spawn XP
 B = Non-spawn XP
 C = Spawn XP percentage of total XP
 D = Spawn monster count
 E = Non-spawn monster count
 F = Spawn count percentage of total count
 G = Total turns spent on level
                    A         B        C        D         E        F      G
               +---------+---------+-------+---------+---------+-------+---------
         Total |       0 |      94 |   0.0 |       0 |      27 |   0.0 |  1152
               +---------+---------+-------+---------+---------+-------+---------
           D:1 |       0 |      64 |   0.0 |       0 |      24 |   0.0 |  1106
           D:2 |       0 |      30 |   0.0 |       0 |       3 |   0.0 |    46
               +---------+---------+-------+---------+---------+-------+---------
